 Dungeon Crawl Stone Soup version 0.32-a0-818-gb728d0252e (webtiles) character file.

Game seed: 16783013682431694205

22 porpoise the Trooper (level 2, 0/24 HPs)
             Began as a Demonspawn Fighter on Mar 24, 2024.
             Succumbed to a kobold's poison
             ... on level 1 of the Dungeon.
             The game lasted 00:01:32 (624 turns).

porpoise the Trooper (Demonspawn Fighter)            Turns: 624, Time: 00:01:32

Health: 0/24       AC:  6    Str: 16    XL:     2   Next: 68%
Magic:  2/2        EV:  7    Int:  8    God:
Gold:   10         SH:  4    Dex: 12    Spells: 1/1 levels left

rFire   . . .        a - +0 war axe
rCold   . . .        c - +0 buckler
rNeg    . . .        b - +0 scale mail
rPois   .            (no helmet)
rElec   .            (no cloak)
rCorr   .            (no gloves)
SInv    .            (no boots)
Will    .....        (no amulet) Stlth
                     (no ring)
HPRegen 0.24/turn    (no ring)
MPRegen 0.08/turn

%: no passive effects
@: lethally poisoned (0 -> -1)
A: hooves 1
a: no special abilities


You were on level 1 of the Dungeon.
You visited 1 branch of the dungeon, and saw 1 of its levels.

You collected 10 gold pieces.

Inventory:

Hand Weapons
 a - a +0 war axe (weapon)
Armour
 b - a +0 scale mail (worn)
 c - a +0 buckler (worn)
Scrolls
 g - 3 scrolls of identify {unknown}
 h - 2 scrolls of immolation {unknown}
 i - a scroll of amnesia {unknown}
 j - a scroll of teleportation {unknown}
Potions
 d - a potion of might
 e - a potion of curing {unknown}
 f - a potion of brilliance {unknown}


   Skills:
 + Level 3.2 Fighting
 * Level 2.4 Axes
 - Level 2.6 Armour
 + Level 3.0 Shields


You had one spell level left.
You didn't know any spells.
Your spell library was empty.

Dungeon Overview and Level Annotations

Branches:
Dungeon (1/15)

Altars:


Innate Abilities, Weirdness & Mutations

You have large cloven feet.


Message History

You barely miss the kobold. The kobold barely misses you.
A quokka comes into view.
The kobold hits you with a +2 short sword of venom.
You are poisoned.
The hobgoblin hits you but does no damage.
You hit the hobgoblin.
You kick the hobgoblin, but do no damage.
The hobgoblin is moderately wounded.
You hit the kobold.
You kill the kobold!
You feel very sick.
A goblin comes into view. It is wielding a +0 club.
The hobgoblin hits you but does no damage.
You hit the hobgoblin but do no damage. Your kick misses the hobgoblin.
The hobgoblin is moderately wounded.
You feel very sick. The hobgoblin hits you. The hobgoblin barely misses you.
You are too injured to fight recklessly!
Unknown command.
You barely miss the kobold. You kick the kobold, but do no damage.
You barely miss the hobgoblin.
You feel sick. The hobgoblin closely misses you.
The kobold hits you with a +0 dagger.
* * * LOW HITPOINT WARNING * * *
You barely miss the kobold. You closely miss the hobgoblin.
* * * LOW HITPOINT WARNING * * *
You feel sick. The kobold hits you but does no damage.
The hobgoblin hits you but does no damage.
You miss the kobold. Your kick misses the kobold. You slash the hobgoblin!
You kill the hobgoblin!
* * * LOW HITPOINT WARNING * * *
You feel sick. The kobold hits you but does no damage.
The quokka closely misses you. The kobold hits you but does no damage.
You slash the kobold!
You kill the kobold!
You closely miss the quokka.
* * * LOW HITPOINT WARNING * * *
You feel sick. The quokka completely misses you. The quokka barely misses you.
Your Shields skill increases to level 3!
You barely miss the goblin. You barely miss the quokka.
You die...

....... ....... .....=. .......
.......## ........# #!..rg#
#@#### .###..###.# #....#
..).......### ####.##
##..........# #..#
............# ##.# #..........#
#.# #..........#### #.#######.#
##.............#####.......#.#
...................รท....>....#


You could see a quokka and a goblin.

Vanquished Creatures
  A dart slug (D:1)
  An endoplasm (D:1)
  A giant cockroach (D:1)
  2 goblins (D:1)
  4 hobgoblins (D:1)
  A quokka (D:1)
  3 bats (D:1)
  3 kobolds (D:1)
  2 rats (D:1)
18 creatures vanquished.

Notes
Turn   | Place    | Note
-------+----------+-------------------------------------------
     0 | D:1      | porpoise the Demonspawn Fighter began the quest for the
                  | Orb.
     0 | D:1      | Reached XP level 1. HP: 18/18 MP: 1/1
   278 | D:1      | Discovered your monstrous ancestry.
   278 | D:1      | Gained mutation: You have large cloven feet. [demonic
                  | ancestry]
   278 | D:1      | Reached XP level 2. HP: 23/24 MP: 2/2
   622 | D:1      | HP: 1/24 [poisoned by a kobold]
   624 | D:1      | Succumbed to a kobold's poison

Illustrated notes

Levels and vault maps discovered:
D:1:      lightli_arrival_boilingwater, layout_basic, nrook_uturn

Skill      XL: |  1  2 |
---------------+-------+-----
Axes           | 2 |  2.4
Shields        | 3 |  3.0
Fighting       | |  3.2
Armour         | |  2.6

Action                     || total
---------------------------++-------
  Melee: War axe           ||    68
         Kick              ||     7
 Armour: Scale mail        ||    58
  Dodge: Dodged            ||    36
  Block: Buckler           ||     8

Table legend: (Time is in decaauts)
 A = Elapsed time spent in this place.
 B = Non-inter-level travel time spent in this place.
 C = Inter-level travel time spent in this place.
 D = Time resting spent in this place.
 E = Time spent auto-exploring this place.
 F = Levels seen in this place.
 G = Mean time per level.
                   A        B        C        D        E       F      G
               +--------+--------+--------+--------+--------+-----+--------+
         Total |    654 |    654 |      0 |     26 |    481 |   1 |  654.0 |
       Dungeon |    654 |    654 |      0 |     26 |    481 |   1 |  654.0 |
               +--------+--------+--------+--------+--------+-----+--------+

Top non-repeatable levels by time:
     D:1: 654 daAuts
